 Dungeon Crawl Stone Soup version 0.31-a0-202-g547052bce9 (webtiles) character file.

Game seed: 9872801482384495105

4680 qw the Markself (level 10, -6/56 HPs)
             Began as a Deep Elf Hunter on June 26, 2023.
             Was a Believer of Okawaru.
             Mangled by a yak (10 damage)
             ... on level 1 of the Lair of Beasts.
             The game lasted 00:02:43 (6763 turns).

qw the Markself (Deep Elf Hunter)                   Turns: 6763, Time: 00:02:44

Health: -6/56      AC: 17    Str: 10    XL:     10   Next: 21%
Magic:  15/15      EV: 20    Int: 15    God:    Okawaru [**....]
Gold:   216        SH:  0    Dex: 26    Spells: 9/9 levels left

rFire   x . .        p - +0 arbalest
rCold   x . .        (shield currently unavailable)
rNeg    . . .        d - +7 ring mail of Pito {+Blink rF- rC- Dex+8}
rPois   +            (no helmet)
rElec   +            l - +1 cloak
rCorr   +            j - +0 pair of gloves
SInv    .            (no boots)
Will    +....        (no amulet)
Stlth   +++          f - ring of resist corrosion
HPRegen 0.29/turn    (no ring)
MPRegen 0.14/turn

%: no passive effects
@: lethally poisoned (-6 -> -10), about to teleport, heroic
A: poison resistance, electricity resistance, weak 1
a: Renounce Religion, Evoke Blink, Heroism


You were on level 1 of the Lair of Beasts.
You worshipped Okawaru.
Okawaru was pleased with you.
You visited 3 branches of the dungeon, and saw 10 of its levels.

You collected 452 gold pieces.
You spent 236 gold pieces at shops.


Innate Abilities, Weirdness & Mutations

Your system is resistant to poisons. (rPois)
You are resistant to electric shocks. (rElec)
You are weak. (Str -2)


   Skills:
 - Level 4.0(9.0) Fighting
 + Level 16.4(21.4) Ranged Weapons
 - Level 2.0(7.0) Armour
 - Level 7.0(12.0) Dodging
 - Level 1.2(6.2) Stealth
 - Level 4.1 Invocations


You had 9 spell levels left.
You didn't know any spells.
Your spell library was empty.

Inventory:

Hand Weapons
 p - a +0 arbalest (weapon)
Armour
 c - a +3 ring mail of fire resistance
 d - the +7 ring mail of Pito (worn) {+Blink rF- rC- Dex+8}
   (You found it on level 4 of the Dungeon)

   Dex:       It affects your dexterity (+8).
   rF:        It makes you vulnerable to fire.
   rC:        It makes you vulnerable to cold.
   +Blink:    It lets you blink.
 j - a +0 pair of gloves (worn)
 l - a +1 cloak (worn)
 n - the +8 ring mail of the Immovable Eyes {Int+3}
   (You acquired it on level 4 of the Dungeon)

   Int:       It affects your intelligence (+3).
Jewellery
 f - a ring of resist corrosion (left hand)
Wands
 m - a wand of digging (6)
Scrolls
 a - 3 scrolls of identify
Potions
 b - 2 potions of enlightenment
 e - a potion of mutation
 g - 2 potions of resistance
 i - 3 potions of curing
 r - a potion of haste
 s - a potion of cancellation

Dungeon Overview and Level Annotations

Branches:
Dungeon (8/15)             Temple (1/1) D:7            Lair (1/5) D:8

Altars:
Ashenzari
Cheibriados
Dithmenos
Elyvilon
Fedhas
Gozag
Hepliaklqana
Kikubaaqudgha
Makhleb
Okawaru
Qazlal
Ru
Sif Muna
Trog
Uskayaw
Vehumet
Wu Jian
Xom
Yredelemnul
Zin
The Shining One

Shops:
D:4 *   D:6 *=:!


Message History

The black mamba bites you but does no damage.
The black mamba barely misses you.
You shoot a bolt. The bolt hits the black mamba.
The black mamba is severely wounded.
The black mamba bites you. The black mamba bites you!
You shoot a bolt.
The bolt closely misses the black mamba.
The black mamba misses you. The black mamba completely misses you.
The yak closely misses you.
You shoot a bolt.
The bolt hits the black mamba but does no damage.
The black mamba is severely wounded.
The black mamba bites you but does no damage.
The yak closely misses you.
The black mamba bites you but does no damage.
You shoot a bolt.
The bolt completely misses the black mamba.
The black mamba completely misses you. The yak barely misses you.
The black mamba bites you!
You are poisoned.
The black mamba poisons you!
You shoot a bolt. The bolt barely misses the black mamba.
You feel very sick. The black mamba bites you. The yak closely misses you.
The black mamba misses you.
6761 ||| READING scroll of teleportation.
As you read the scroll of teleportation, it crumbles to dust.
You feel strangely unstable.
You feel sick.
The black mamba bites you but does no damage.
The yak gores you.
The black mamba bites you but does no damage.
You shoot a bolt. The bolt hits the black mamba!
You kill the black mamba!
Okawaru is honoured by your kill.
You feel sick. The yak closely misses you.
You shoot a bolt. The bolt hits the yak.
The yak is lightly wounded.
You feel sick. The yak gores you!
You die...

# .. #...
#####...# #
###P#Y..#
#.#.#.@%#
.##.....##.#
........<###
#.###....P#
##....#
##....#
##....#
##....#
#.....


You could see a yak.

Vanquished Creatures
  Erica (D:8)
  A black mamba (Lair:1)
  4 yaks (D:8)
  A wyvern (D:8)
  A shadow (D:8)
  A water moccasin (D:8)
  An acid dragon (D:6)
  A sky beast (D:6)
  An orc warrior (D:8)
  2 black bears
  3 ogres
  A centaur (D:8)
  3 phantoms
  A kobold brigand (D:6)
  5 bullfrogs
  A scorpion (D:7)
  4 wights (D:8)
  6 killer bees
  7 orc priests
  5 hounds
  A jelly (D:7)
  2 iguanas
  A sleepcap (D:7)
  3 orc wizards
  Ijyb (D:3)
  8 gnolls (D:5)
  7 adders
  A shadow imp (D:6)
  A white imp (D:4)
  2 ufetubi (D:5)
  A worm (D:2)
  A dart slug (D:1)
  17 orcs
  9 ball pythons
  8 endoplasms
  A giant cockroach (D:1)
  8 hobgoblins
  5 jackals
  4 quokkas
  7 bats
  10 frilled lizards
  5 goblins
  15 kobolds
  5 rats
173 creatures vanquished.

Notes
Turn   | Place    | Note
-------+----------+-------------------------------------------
     0 | D:1      | qw the Deep Elf Hunter began the quest for the Orb.
     0 | D:1      | Reached XP level 1. HP: 12/12 MP: 3/3
     0 | D:1      | 0 ||| qw: Version: 0.3-a-22-g0ed2b0b
     0 | D:1      | 0 ||| qw: Game counter: 6236
     0 | D:1      | 0 ||| qw: Melee chars always use a shield: true
     0 | D:1      | 0 ||| qw: God list: Okawaru
     0 | D:1      | 0 ||| qw: Allow faded altars: false
     0 | D:1      | 0 ||| qw: Do Orc after clearing Dungeon:15 true
     0 | D:1      | 0 ||| qw: Do second Lair branch before Depths: true
     0 | D:1      | 0 ||| qw: Lair rune preference: random
     0 | D:1      | 0 ||| qw: Goals: Normal
     0 | D:1      | 0 ||| PLANNING D:1-11
   110 | D:1      | HP: 3/12 [frozen (2)]
   171 | D:1      | Reached XP level 2. HP: 16/16 MP: 4/4
   183 | D:1      | Found a faded altar of an unknown god.
   191 | D:1      | Reached skill level 6 in Ranged Weapons
   752 | D:1      | 752 ||| UPGRADING to +0 cloak.
   757 | D:1      | 757 ||| UPGRADING to ring of resist corrosion.
   758 | D:1      | 758 ||| READING scroll labelled UTIECID YGHO.
   787 | D:1      | 787 ||| READING scroll labelled LEFOFO INKYAZOU.
   788 | D:1      | 788 ||| READING scroll labelled GUOPPO ILOHOUR.
   789 | D:1      | 789 ||| READING scroll labelled SOSEGE TIRULUA.
   793 | D:1      | 793 ||| READING scroll labelled SUOJAGYNUKK.
   794 | D:1      | 794 ||| READING scroll labelled LADWUXAANO.
   795 | D:1      | 795 ||| DRINKING 3 coppery potions.
   796 | D:1      | 796 ||| DROPPING scroll of butterflies.
   798 | D:1      | 798 ||| Stepping ~*~*~tactically~*~*~ (cloud).
   802 | D:1      | HP: 4/16 [poisoned by you (poison gas)]
   806 | D:1      | HP: 1/16 [poisoned by you (poison gas)]
   918 | D:2      | Reached XP level 3. HP: 8/20 MP: 5/5
  1004 | D:2      | HP: 5/20 [poisoned by an adder]
  1005 | D:2      | 1005 ||| DRINKING 2 potions of heal wounds.
  1008 | D:2      | Reached skill level 7 in Ranged Weapons
  1498 | D:2      | Reached XP level 4. HP: 18/25 MP: 6/6
  1708 | D:2      | 1708 ||| UPGRADING to +0 ring mail.
  1718 | D:2      | 1718 ||| DROPPING +0 leather armour.
  1719 | D:2      | 1719 ||| READING scroll labelled VOLIRRICHO.
  1720 | D:2      | 1720 ||| READING scroll labelled DOUBLA DUTSECA.
  1912 | D:3      | Found a burning altar of Makhleb.
  1924 | D:3      | Found a white marble altar of Elyvilon.
  1928 | D:3      | Noticed Ijyb
  1947 | D:3      | Killed Ijyb
  1948 | D:3      | Reached skill level 8 in Ranged Weapons
  2380 | D:3      | 2380 ||| UPGRADING to +3 ring mail of fire resistance.
  2390 | D:3      | 2390 ||| DROPPING +0 ring mail.
  2391 | D:3      | 2391 ||| READING 4 scrolls of identify.
  2391 | D:3      | 2391 ||| IDENTIFYING puce potion
  2392 | D:3      | 2392 ||| READING 3 scrolls of identify.
  2392 | D:3      | 2392 ||| IDENTIFYING smoky pink potion
  2393 | D:3      | 2393 ||| READING 2 scrolls of identify.
  2393 | D:3      | 2393 ||| IDENTIFYING emerald potion
  2394 | D:3      | 2394 ||| DROPPING potion of lignification.
  2395 | D:3      | 2395 ||| DROPPING potion of ambrosia.
  2410 | D:4      | Identified the +7 ring mail of Pito {+Blink rF- rC- Dex+8}
  2548 | D:4      | Noticed a phantom
  2564 | D:4      | Killed a phantom
  2565 | D:4      | Reached skill level 9 in Ranged Weapons
  2565 | D:4      | Reached XP level 5. HP: 20/29 MP: 7/7
  2726 | D:4      | Noticed a phantom
  2743 | D:4      | Killed a phantom
  2744 | D:4      | Reached XP level 6. HP: 31/36 MP: 8/8
  2887 | D:4      | Found Hoggin's General Store.
  2893 | D:4      | 2893 ||| BUYING +0 orcbow (38 gold).
  2893 | D:4      | Bought a +0 orcbow for 38 gold pieces
  2893 | D:4      | 2893 ||| BUYING scroll of identify (22 gold).
  2893 | D:4      | Bought a scroll of identify for 22 gold pieces
  2893 | D:4      | 2893 ||| BUYING scroll of identify (22 gold).
  2893 | D:4      | Bought a scroll of identify for 22 gold pieces
  2893 | D:4      | 2893 ||| SWAPPING to +0 orcbow.
  2894 | D:4      | 2894 ||| DROPPING +0 shortbow.
  2998 | D:4      | Reached skill level 10 in Ranged Weapons
  3198 | D:4      | 3198 ||| UPGRADING to +7 ring mail of Pito {+Blink rF- rC-
                  | Dex+8}.
  3208 | D:4      | 3208 ||| READING scroll labelled MIRGHA QUCSAMYA.
  3208 | D:4      | Identified a scroll of acquirement
  3208 | D:4      | 3208 ||| ACQUIRING +8 ring mail of the Immovable Eyes
                  | {Int+3}
  3208 | D:4      | Acquired the +8 ring mail of the Immovable Eyes {Int+3}
  3210 | D:4      | 3210 ||| DRINKING 2 fizzy coppery potions.
  3210 | D:4      | Gained mutation: You are resistant to electric shocks.
                  | (rElec) [potion of mutation]
  3210 | D:4      | Gained mutation: You are weak. (Str -2) [potion of
                  | mutation]
  3210 | D:4      | Gained mutation: Your system is resistant to poisons.
                  | (rPois) [potion of mutation]
  3211 | D:4      | 3211 ||| DRINKING 2 fuming ruby potions.
  3212 | D:4      | 3212 ||| DRINKING 2 sapphire potions.
  3213 | D:4      | 3213 ||| READING 3 scrolls of identify.
  3213 | D:4      | 3213 ||| IDENTIFYING viscous clear potion
  3214 | D:4      | 3214 ||| DROPPING potion of invisibility.
  3235 | D:5      | Entered Level 5 of the Dungeon
  3238 | D:5      | 3238 ||| READING scroll of enchant armour.
  3238 | D:5      | 3238 ||| ENCHANTING +0 cloak.
  3255 | D:5      | Reached skill level 3 in Dodging
  3277 | D:5      | Reached skill level 1 in Armour
  3277 | D:5      | Reached XP level 7. HP: 39/40 MP: 9/9
  3445 | D:5      | Found a sacrificial altar of Ru.
  3528 | D:5      | Found an opulent altar of Gozag.
  4029 | D:5      | 4029 ||| UPGRADING to +0 pair of gloves.
  4034 | D:5      | 4034 ||| READING scroll labelled AGREC YRESO.
  4035 | D:5      | 4035 ||| READING 2 scrolls of identify.
  4035 | D:5      | 4035 ||| IDENTIFYING red potion
  4036 | D:5      | 4036 ||| DROPPING potion of attraction.
  4095 | D:6      | 4095 ||| SWAPPING to +0 arbalest.
  4096 | D:6      | 4096 ||| DROPPING +1 orcbow.
  4163 | D:6      | Reached skill level 11 in Ranged Weapons
  4189 | D:6      | Found Buynulo's Book Boutique.
  4249 | D:6      | Found Nitit's Distillery.
  4258 | D:6      | 4258 ||| SHOPLISTING 2 potions of mutation (224 gold, have
                  | 171).
  4258 | D:6      | 4258 ||| BUYING potion of cancellation (112 gold).
  4258 | D:6      | Bought a potion of cancellation for 112 gold pieces
  4258 | D:6      | 4258 ||| BUYING potion of curing (42 gold).
  4258 | D:6      | Bought a potion of curing for 42 gold pieces
  4258 | D:6      | 4258 ||| SHOPLISTING potion of heal wounds (70 gold, have
                  | 17).
  4408 | D:6      | Reached XP level 8. HP: 45/45 MP: 10/10
  4418 | D:6      | Reached skill level 12 in Ranged Weapons
  4465 | D:6      | Found Kemumol's Jewellery Emporium.
  4474 | D:6      | 4474 ||| SHOPLISTING +6 ring of strength (432 gold, have
                  | 28).
  4474 | D:6      | 4474 ||| SHOPLISTING amulet of reflection (360 gold, have
                  | 28).
  4474 | D:6      | 4474 ||| SHOPLISTING ring "Jeruc" {Fire Str+6 Int+4 Slay-6}
                  | (333 gold, have 28).
  4474 | D:6      | 4474 ||| SHOPLISTING ring of positive energy (240 gold,
                  | have 28).
  4474 | D:6      | 4474 ||| SHOPLISTING ring of resist corrosion (240 gold,
                  | have 28).
  4489 | D:6      | Reached skill level 3 in Fighting
  4630 | D:6      | Found Ytaguaxt's General Store.
  4638 | D:6      | 4638 ||| SHOPLISTING 2 scrolls of enchant armour (195 gold,
                  | have 35).
  4810 | D:6      | 4810 ||| Stepping ~*~*~tactically~*~*~ (outnumbered).
  4812 | D:6      | 4812 ||| Stepping ~*~*~tactically~*~*~ (outnumbered).
  4932 | D:6      | 4932 ||| DROPPING amulet of magic regeneration.
  4933 | D:6      | 4933 ||| READING 2 scrolls of identify.
  4933 | D:6      | 4933 ||| IDENTIFYING fuming dark potion
  4934 | D:6      | 4934 ||| DROPPING potion of berserk rage.
  5011 | D:7      | 5011 ||| STAIRDANCE
  5018 | D:6      | Reached skill level 13 in Ranged Weapons
  5236 | D:7      | Found a staircase to the Ecumenical Temple.
  5237 | D:7      | 5237 ||| PLANNING TEMPLE
  5237 | D:7      | 5237 ||| DRINKING 2 bubbling emerald potions.
  5246 | Temple   | Entered the Ecumenical Temple
  5263 | Temple   | 5263 ||| PLANNING OKAWARU WORSHIP
  5353 | Temple   | Became a worshipper of Warmaster Okawaru
  5354 | Temple   | 5354 ||| PLANNING D:1-11
  5572 | D:7      | Reached skill level 14 in Ranged Weapons
  5751 | D:7      | Found a shimmering blue altar of Sif Muna.
  5763 | D:7      | Reached XP level 9. HP: 47/51 MP: 11/11
  5778 | D:7      | 5778 ||| DROPPING amulet of guardian spirit.
  5779 | D:7      | 5779 ||| READING 2 scrolls of identify.
  5779 | D:7      | 5779 ||| IDENTIFYING viscous purple potion
  5780 | D:7      | 5780 ||| DROPPING potion of degeneration.
  5804 | D:8      | Reached skill level 6 in Dodging
  5806 | D:8      | 5806 ||| STAIRDANCE
  5813 | D:7      | HP: 12/51 [poisoned by a killer bee]
  5814 | D:7      | 5814 ||| READING scroll of teleportation.
  5815 | D:7      | 5815 ||| DRINKING potion of heal wounds.
  5944 | D:8      | Found a staircase to the Lair.
  6066 | D:8      | 6066 ||| FLEEEEING.
  6073 | D:8      | 6073 ||| FLEEEEING.
  6074 | D:8      | 6074 ||| FLEEEEING.
  6075 | D:8      | 6075 ||| FLEEEEING.
  6076 | D:8      | 6076 ||| FLEEEEING.
  6077 | D:8      | 6077 ||| FLEEEEING.
  6078 | D:8      | 6078 ||| FLEEEEING.
  6079 | D:8      | 6079 ||| FLEEEEING.
  6084 | D:8      | 6084 ||| STAIRDANCE
  6309 | D:8      | Reached * piety under Okawaru
  6310 | D:8      | Reached skill level 15 in Ranged Weapons
  6314 | D:8      | Reached skill level 1 in Invocations
  6381 | D:8      | 6381 ||| INVOKING Heroism.
  6438 | D:8      | Reached skill level 3 in Invocations
  6442 | D:8      | Reached ** piety under Okawaru
  6444 | D:8      | 6444 ||| INVOKING Heroism.
  6556 | D:8      | Noticed Erica
  6557 | D:8      | 6557 ||| INVOKING Heroism.
  6565 | D:8      | Killed Erica
  6566 | D:8      | Reached skill level 16 in Ranged Weapons
  6566 | D:8      | Reached XP level 10. HP: 51/56 MP: 13/15
  6729 | D:8      | 6729 ||| PLANNING LAIR
  6741 | Lair:1   | Entered Level 1 of the Lair of Beasts
  6750 | Lair:1   | Noticed a black mamba
  6751 | Lair:1   | 6751 ||| INVOKING Heroism.
  6760 | Lair:1   | HP: 13/56 [poisoned by a black mamba]
  6761 | Lair:1   | 6761 ||| READING scroll of teleportation.
  6762 | Lair:1   | Killed a black mamba
  6762 | Lair:1   | HP: 6/56 [poisoned by a black mamba]
  6763 | Lair:1   | Mangled by a yak

Levels and vault maps discovered:
D:1:      kennysheep_arrival_forest, layout_loops_ring,
          shapermc_ecumenical_altar_totnotflames
D:2:      layout_loops_cross, minmay_box_of_dots
D:3:      layout_loops_ring, elyvilon_altar_5, lemuel_crystal_altar,
          minmay_ruptured, uniq_ijyb
D:4:      layout_gridville, serial_shops, kennysheep_little_box
D:5:      layout_cave_pods, nicolae_overflow_crystal_walls,
          mainiacjoe_overflow_paths
D:6:      cheibrodos_thug_alley, layout_loops_ring, serial_shops, shop,
          nicolae_square_shop, shop, shop
D:7:      layout_basic, mainiacjoe_overflow_alcove_4,
          minmay_temple_entry_crystal_x
D:8:      layout_rooms, lair_entry_dummy,
          nicolae_concentric_dashed_squares_wild, kennysheep_generic_room_7,
          uniq_erica
Temple:   kb_temple_of_zot
Lair:1:   layout_cave_pods, lemuel_fruit_fields

Skill      XL: |  1  2  3  4  5  6  7  8  9 10 |
---------------+-------------------------------+-----
Ranged Weapons | 6 7 9 10 11 14 16 | 16.4
Fighting       | 2 3 4 |  4.0
Dodging        | 3 4 5 7 |  7.0
Armour         | 1 2 |  2.0
Invocations    | 4 |  4.1
Stealth        | |  1.2

Action                     |  1- 3 |  4- 6 |  7- 9 | 10-12 || total
---------------------------+-------+-------+-------+-------++-------
   Fire: Shortbow          |   136 |   125 |       |       ||   261
         Orcbow            |       |    37 |    55 |       ||    92
         Arbalest          |       |       |   190 |    33 ||   223
 Invoke: Heroism           |       |       |     3 |     1 ||     4
    Use: Scroll            |     6 |     8 |     5 |     1 ||    20
         Potion            |     2 |     3 |     2 |       ||     7
 Armour: Leather armour    |    16 |       |       |       ||    16
         Ring mail         |       |    36 |    99 |     8 ||   143
  Dodge: Dodged            |    45 |    38 |   174 |    32 ||   289

Table legend:
 A = Non-vault XP
 B = Vault XP
 C = Vault XP percentage of total XP
 D = Non-vault monster count
 E = Vault monster count
 F = Vault count percentage of total count
                 A         B        C        D         E       F
            +---------+---------+-------+---------+---------+-------
      Total |    5348 |    1338 |  20.0 |     152 |      21 |  12.1
            +---------+---------+-------+---------+---------+-------
        D:1 |      33 |       0 |   0.0 |      21 |       0 |   0.0
        D:2 |      58 |       7 |  10.8 |      17 |       2 |  10.5
        D:3 |      30 |      54 |  64.3 |      17 |       5 |  22.7
        D:4 |     469 |       0 |   0.0 |      23 |       0 |   0.0
        D:5 |     316 |       0 |   0.0 |      20 |       0 |   0.0
        D:6 |    1057 |     115 |   9.8 |      18 |      11 |  37.9
        D:7 |     866 |       0 |   0.0 |      14 |       0 |   0.0
        D:8 |    1975 |    1162 |  37.0 |      20 |       3 |  13.0
     Lair:1 |     544 |       0 |   0.0 |       2 |       0 |   0.0
            +---------+---------+-------+---------+---------+-------
